 Dungeon Crawl Stone Soup version 0.28.0-45-g0d030f2227 (webtiles) character file.

Game seed: 16999467029894614124

19 CryoSword the Shield-Bearer (level 2, 0/24 HPs)
             Began as a Formicid Fighter on Apr 9, 2022.
             Frozen to death by an endoplasm (5 damage)
             ... on level 1 of the Dungeon.
             The game lasted 00:00:41 (464 turns).

CryoSword the Shield-Bearer (Formicid Fighter)       Turns: 464, Time: 00:00:42

Health: 0/24       AC:  6    Str: 20    XL:     2   Next: 95%
Magic:  2/2        EV:  6    Int:  7    God:
Gold:   16         SH:  4    Dex: 10    Spells: 1/1 levels left

rFire   . . .      SeeInvis +   a - +0 quarterstaff
rCold   . . .      Faith    .   c - +0 buckler
rNeg    . . .      Spirit   .   b - +0 scale mail
rPois   .          Reflect  .   (helmet unavailable)
rElec   .          Harm     .   (no cloak)
rCorr   .          Rampage  .   (no gloves)
Will    .....                   (no boots)
Stlth   ..........              (no amulet)
HPRegen 0.08/turn               (no ring)
MPRegen 0.08/turn               (no ring)

@: constricted
A: permanent stasis, dig shafts and tunnels, antennae 3, four strong arms
a: Dig, Shaft Self


You were on level 1 of the Dungeon.
You visited 1 branch of the dungeon, and saw 1 of its levels.

You collected 16 gold pieces.

Inventory:

Hand Weapons
 a - a +0 quarterstaff (weapon)
Armour
 b - a +0 scale mail (worn)
 c - a +0 buckler (worn)
Potions
 d - a potion of might
 e - a potion of mutation {unknown}


   Skills:
 + Level 3.5 Fighting
 + Level 2.3 Staves
 + Level 3.5 Armour
 + Level 3.9 Shields


You had one spell level left.
You didn't know any spells.
Your spell library was empty.

Dungeon Overview and Level Annotations

Branches:
Dungeon (1/15)

Altars:


Innate Abilities, Weirdness & Mutations

You cannot be hasted, slowed, berserked, paralysed or teleported.
You can dig through walls and to a lower floor.
You have a pair of large antennae on your head. (SInv)
Your four strong arms can wield two-handed weapons with a shield.


Message History

You kill the ball python!
The ball python bites you. The ball python grabs you.
The ball python constricts you.
You closely miss the ball python. The ball python bites you.
The ball python constricts you.
You hit the ball python.
The ball python bites you but does no damage.
The ball python constricts you.
The ball python bites you but does no damage.
The ball python constricts you.
You closely miss the ball python. The ball python closely misses you.
The ball python constricts you.
You closely miss the ball python. The ball python bites you.
The ball python constricts you. You block the ball python's attack.
The ball python constricts you.
You closely miss the ball python.
The ball python bites you but does no damage.
The ball python constricts you.
You sock the ball python!
You kill the ball python!
You see here a ball python corpse.
A ball python comes into view.
The ball python hisses angrily.
A ball python is nearby!
A ball python is nearby!
A ball python is nearby!
A ball python is nearby!
The ball python misses you. The ball python grabs you.
The ball python constricts you.
You hit the ball python. The ball python completely misses you.
The ball python constricts you.
You sock the ball python!
You kill the ball python!
Found a ring mail.
A rat comes into view.
A rat is nearby!
A rat is nearby!
A rat is nearby!
You enter the shallow water.
Moving in this stuff is going to be slow.
A goblin and a bat come into view.
Found a stone staircase leading down.
Found 15 gold pieces.
The bat hits you but does no damage. x2
You barely miss the bat. The bat barely misses you. The bat hits you.
Your unstable footing causes you to fumble your attack.
You block the bat's attack. x2
You barely miss the bat. You block the bat's attack.
An endoplasm comes into view.
The endoplasm quivers.
The bat hits you but does no damage. The goblin hits you but does no damage.
The goblin splashes around in the water.
You hit the goblin but do no damage. The bat hits you but does no damage.
You block the bat's attack.
The rat splashes around in the water.
You block the goblin's attack.
You closely miss the goblin. The bat hits you.
The rat bites you but does no damage. The goblin hits you but does no damage.
Your unstable footing causes you to fumble your attack.
The bat barely misses you. The rat barely misses you.
The goblin hits you with a +0 club.
Your unstable footing causes you to fumble your attack.
The bat hits you but does no damage. The rat bites you but does no damage.
The goblin barely misses you.
The rat splashes around in the water.
You hit the goblin. The goblin barely misses you.
The bat hits you but does no damage. The rat barely misses you.
The goblin hits you with a +0 club.
You closely miss the goblin. The bat hits you. The bat barely misses you.
The rat bites you but does no damage. The goblin hits you but does no damage.
You block the endoplasm's attack. The bat hits you but does no damage.
Your unstable footing causes you to fumble your attack.
You block the bat's attack.
The rat splashes around in the water.
The endoplasm hits you. The goblin hits you with a +0 club.
You closely miss the goblin. The bat completely misses you.
The rat twitches its whiskers.
The rat splashes around in the water.
You block the goblin's attack.
The endoplasm hits you but does no damage.
You thump the goblin!
You kill the goblin!
You hear a splash.
The bat hits you. The rat barely misses you. The endoplasm closely misses you.
You block the rat's attack. The endoplasm misses you.
You barely miss the endoplasm. The bat hits you but does no damage.
The rat completely misses you. The endoplasm freezes you.
You are frozen.
You are too injured to fight recklessly!
You are too injured to fight recklessly!
You are too injured to fight recklessly!
You are too injured to fight recklessly!
You are too injured to fight recklessly!
You are too injured to fight recklessly!
You are too injured to fight recklessly!
You are too injured to fight recklessly!
You are too injured to fight recklessly!
You are too injured to fight recklessly!
You are too injured to fight recklessly!
You are too injured to fight recklessly!
You are too injured to fight recklessly!
You are too injured to fight recklessly!
A bat comes into view.
The bat hits you but does no damage. The bat misses you.
You block the bat's attack. The bat hits you but does no damage. x2
The bat closely misses you.
The endoplasm splashes around in the water.
The bat hits the plant.
The plant begins to die.
A ball python comes into view.
Found a shiny ring mail.
The ball python hisses angrily.
The bat hits you but does no damage. The bat closely misses you.
The bat hits you.
Found a whip.
You block the bat's attack. The bat barely misses you.
You barely miss the ball python.
A nearby plant withers and dies.
The bat closely misses you. x2
The ball python bites you but does no damage.
The ball python grabs you. The ball python constricts you.
The ball python bites you.
* * * LOW HITPOINT WARNING * * *
The ball python constricts you.
You escape the ball python's grasp.
The bat hits you but does no damage. x2
The bat hits you but does no damage. The bat hits you but does no damage.
You block the bat's attack. You block the bat's attack.
The bat barely misses you. The bat hits you but does no damage.
The bat barely misses you. The bat hits you but does no damage.
The endoplasm freezes you.
You are frozen.
* * * LOW HITPOINT WARNING * * *
The bat barely misses you. The bat hits you but does no damage.
You block the bat's attack. The ball python closely misses you.
The ball python grabs you. The ball python constricts you.
You sock the bat!
You kill the bat!
The bat hits you but does no damage.
The endoplasm hits you but does no damage.
The ball python bites you.
* * * LOW HITPOINT WARNING * * *
The ball python constricts you. The endoplasm freezes you.
You are frozen.
* * * LOW HITPOINT WARNING * * *
The ball python's grasp on you weakens, but your attempt to escape fails.
You block the bat's attack. The ball python closely misses you.
The ball python constricts you. The bat barely misses you.
The endoplasm freezes you.
You are frozen.
You die...

#......≈P≈P≈♣
#....#≈≈P≈≈≈♣♣♣
###..[.♣≈≈≈≈≈≈≈P♣
#.....♣≈≈≈≈≈≈≈≈≈≈
###....♣≈≈)≈≈≈≈P≈≈≈
#......♣≈≈≈≈≈≈≈≈≈≈≈
#........≈≈≈≈≈≈≈≈P≈
#SJr...............
#.@$...≈.≈≈≈≈≈≈≈≈≈≈
#..b##PP.≈≈≈P≈≈P≈≈≈
#....P♣≈.≈≈PP♣♣♣≈≈≈
####≈♣≈≈.≈≈≈♣♣ ♣♣♣≈
#♣♣≈≈.≈P≈♣ ♣≈
♣≈≈.≈≈P♣ ♣≈ ♣≈≈.≈≈≈
♣≈


You could see an endoplasm, a bat, a ball python and a rat.

Vanquished Creatures
  A dart slug (D:1)
  4 ball pythons (D:1)
  2 bats (D:1)
  An endoplasm (D:1)
  A hobgoblin (D:1)
  A quokka (D:1)
  3 goblins (D:1)
  A kobold (D:1)
14 creatures vanquished.

Vanquished Creatures (others)
  2 plants (D:1)
2 creatures vanquished.

Grand Total: 16 creatures vanquished

Notes
Turn   | Place    | Note
-------+----------+-------------------------------------------
     0 | D:1      | CryoSword the Formicid Fighter began the quest for the Orb.
     0 | D:1      | Reached XP level 1. HP: 18/18 MP: 1/1
   138 | D:1      | Reached XP level 2. HP: 15/24 MP: 2/2
   464 | D:1      | Frozen to death by an endoplasm

Illustrated notes

Levels and vault maps discovered:
D:1:      erik_arrival_orb_chamber, layout_basic, serial_bayou,
          serial_bayou_lake_a, serial_bayou_crossing, serial_bayou_lagoon_b,
          serial_bayou_ford_a, minmay_heptomino_o4

Action                   || total
-------------------------++-------
Melee: Quarterstaff      ||    46
Armor: Scale mail        ||    56
Dodge: Dodged            ||    50
Block: Buckler           ||    23
